 Dungeon Crawl Stone Soup version 0.27-a0-1217-g8a41f320e8 (webtiles) character file.

Game seed: 3695490962709925296

1258 polve the Purveyor of Pain (level 8, -2/58 HPs)
             Began as a Demonspawn Necromancer on June 5, 2021.
             Was an Initiate of Kikubaaqudgha.
             Succumbed to a water moccasin's poison
             ... on level 6 of the Dungeon.
             The game lasted 00:11:07 (9072 turns).

polve the Purveyor of Pain (Demonspawn Necromancer) Turns: 9072, Time: 00:11:07

Health: -2/58      AC:  3    Str:  9    XL:     8   Next: 27%
Magic:  2/11       EV: 12    Int: 22    God:    Kikubaaqudgha [......]
Gold:   304        SH:  0    Dex: 14    Spells: 2/11 levels left

rFire    . . .     SeeInvis +   y - +6 long sword of the Median {flame, rC++ Stlth+}
rCold    + + .     Faith    .   (no shield)
rNeg     . . .     Spirit   +   b - +0 robe
rPois    .         Reflect  .   (helmet restricted)
rElec    .         Harm     .   (no cloak)
rCorr    .         Rampage  .   f - +0 pair of gloves
Will     .....                  (no boots)
Stlth    +++.......             o - amulet of guardian spirit
HPRegen  0.19/turn              r - ring of see invisible
MPRegen  0.24/turn              (no ring)

@: mighty, lethally poisoned (-2 -> -16), hasted, very quick
A: horns 1, magic regeneration, big brain 2
a: Renounce Religion


You were on level 6 of the Dungeon.
You worshipped Kikubaaqudgha.
Kikubaaqudgha was noncommittal.
You visited 2 branches of the dungeon, and saw 7 of its levels.

You collected 304 gold pieces.

Inventory:

Hand Weapons
 j - a +0 rapier of venom
 y - the +6 long sword of the Median (weapon) {flame, rC++ Stlth+}
   (You found it on level 6 of the Dungeon)

   It has been specially enchanted to burn those struck by it, causing extra
   injury to most foes and up to half again as much damage against particularly
   susceptible opponents.
   Big, fiery blades are also staple armaments of hydra-hunters.
   It greatly protects you from cold.
   It makes you more stealthy.
Armour
 b - a +0 robe (worn)
 f - a +0 pair of gloves (worn)
 q - a +1 chain mail of fire resistance
Jewellery
 o - an amulet of guardian spirit (around neck)
 r - a ring of see invisible (left hand)
Wands
 d - a wand of digging (5)
 n - a wand of iceblast (6)
 u - a wand of paralysis (11)
 v - a wand of charming (12)
Scrolls
 a - 2 scrolls of magic mapping
 c - a scroll of acquirement {unknown}
 e - 2 scrolls of amnesia {unknown}
 g - a scroll of enchant armour {unknown}
 h - a scroll of enchant weapon {unknown}
 i - a scroll of teleportation {unknown}
 k - a scroll of vulnerability {unknown}
 l - a scroll of noise {unknown}
 w - 3 scrolls of identify
Potions
 m - a potion of berserk rage {unknown}
 p - a potion of might
 s - a potion of haste
 t - 2 potions of mutation {unknown}
 x - a potion of degeneration {unknown}
 z - a potion of attraction {unknown}


   Skills:
 - Level 3.2 Fighting
 - Level 2.9 Short Blades
 - Level 2.1 Armour
 - Level 1.7 Dodging
 - Level 1.7 Stealth
 - Level 2.0 Spellcasting
 + Level 10.0 Necromancy


You had 2 spell levels left.
You knew the following spells:

 Your Spells              Type           Power      Damage    Failure   Level
a - Pain                  Necr           100%       1d9       1%          1
b - Animate Skeleton      Necr           92%        N/A       1%          1
c - Vampiric Draining     Necr           23%        2d9       1%          3
d - Animate Dead          Necr           23%        N/A       2%          4

Your spell library contained the following spells:

 Spells                   Type           Power      Damage    Failure   Level
 Apportation              Tloc           4%         N/A       14%         1
 Corona                   Hex            2%         N/A       14%         1
 Summon Small Mammal      Summ           8%         N/A       14%         1
 Agony                    Necr           46%        N/A       6%          5


Dungeon Overview and Level Annotations

Branches:
Dungeon (6/15)             Temple (1/1) D:4

Altars:
Ashenzari
Cheibriados
Dithmenos
Elyvilon
Fedhas
Gozag
Hepliaklqana
Kikubaaqudgha
Nemelex Xobeh
Okawaru
Qazlal
Ru
Sif Muna
Trog
Uskayaw
Vehumet
Wu Jian
Xom
Yredelemnul
Zin
The Shining One


Innate Abilities, Weirdness & Mutations

You have a pair of small horns on your head.
You regenerate magic rapidly.
You have an extremely huge brain. (Int +4)


Message History

Aim: a water moccasin (moderately wounded, chance to affect: 84%)
The water moccasin writhes in agony!
Casting: Pain (safe; 1% risk of failure)
Confirm with . or Enter, or press ? or * to list all spells.
Aiming: Pain (safe; 1% risk of failure)
Press: ? - help, Shift-Dir - straight line, f/p - water moccasin
Aim: a water moccasin (severely wounded, chance to affect: 84%)
The water moccasin writhes in agony.
The water moccasin bites you. x2
You are poisoned.
The water moccasin poisons you!
You miss the water moccasin.
The water moccasin is severely wounded.
You feel very sick. The water moccasin bites you.
You are more poisoned.
The water moccasin poisons you! The water moccasin bites you!
You are more poisoned.
The water moccasin poisons you!
You hit the water moccasin. You burn the water moccasin.
The water moccasin is severely wounded.
You feel extremely sick. The water moccasin bites you.
You closely miss the water moccasin.
The water moccasin is severely wounded.
You feel very sick. The water moccasin bites you.
* * * LOW HITPOINT WARNING * * *
The water moccasin bites you!
* * * LOW HITPOINT WARNING * * *
It was a potion of might.
You feel very mighty all of a sudden.
* * * LOW HITPOINT WARNING * * *
You feel very sick. The water moccasin misses you.
You riposte.
You miss the water moccasin.
The water moccasin is severely wounded.
The water moccasin bites you.
* * * LOW HITPOINT WARNING * * *
It was a potion of haste.
You feel yourself speed up.
You die...
Kikubaaqudgha rasps: "You have failed me!
Welcome... death!"

.....##..#
.....+...#......
.....#...#...... ######
...).##..#...... #....#
..#+######......
#....### ..+ #......
#.....#. ..#
#......######## ###'###.
..# #..(...S......#
#..##. ..#
#......@......# #..##'
..##+## #.............#
#..... ..#...#
#######.......######'##.
..#...#
#####.......#..##.
..#...#
#..'.......#.....
..'...#
#..#.......#.....
..#######
#..#.......#..##.
........#
#..#.......#..##.
........#
...#.......#..#..


You could see a water moccasin.

Vanquished Creatures
  Eustachio (D:6)
  A water moccasin (D:5)
  An ice beast (D:5)
  A black bear (D:6)
  A sky beast (D:6)
  An ogre (D:2)
  A phantom (D:5)
  A scorpion (D:4)
  A water moccasin zombie (D:5)
  2 water moccasin skeletons
  A jelly (D:3)
  An orc priest (D:4)
  A bullfrog skeleton (D:5)
  2 iguanas (D:5)
  A scorpion zombie (D:5)
  A hound skeleton (D:4)
  A hound zombie (D:5)
  5 adders
  An ufetubus (D:5)
  3 worms
  3 dart slugs
  11 orcs
  4 bats
  7 endoplasms
  2 giant cockroaches
  13 goblins
  10 hobgoblins
  7 kobolds
  3 quokkas
  6 ball pythons
  2 frilled lizards
  6 rats
102 creatures vanquished.

Notes
Turn   | Place    | Note
-------+----------+-------------------------------------------
     0 | D:1      | polve the Demonspawn Necromancer began the quest for the
                  | Orb.
     0 | D:1      | Reached XP level 1. HP: 13/13 MP: 3/3
   381 | D:1      | Gained mutation: You have a pair of small horns on your
                  | head. [demonic ancestry]
   381 | D:1      | Reached XP level 2. HP: 7/19 MP: 0/5
   411 | D:1      | Reached skill level 5 in Necromancy
   852 | D:1      | Learned a level 1 spell: Animate Skeleton
  1073 | D:1      | Found a faded altar of an unknown god.
  1558 | D:2      | Gained mutation: You have an unusually large brain. (Int
                  | +2) [demonic ancestry]
  1558 | D:2      | Reached XP level 3. HP: 17/24 MP: 0/6
  2478 | D:3      | Learned a level 3 spell: Vampiric Draining
  3080 | D:2      | Reached skill level 1 in Fighting
  3287 | D:3      | Reached skill level 1 in Short Blades
  3287 | D:3      | Reached XP level 4. HP: 32/32 MP: 7/7
  3721 | D:3      | Noticed an ogre
  4043 | D:2      | Killed an ogre
  4044 | D:2      | Gained mutation: You have an extremely huge brain. (Int +4)
                  | [demonic ancestry]
  4044 | D:2      | Reached XP level 5. HP: 35/39 MP: 3/8
  4933 | D:4      | Found a staircase to the Ecumenical Temple.
  4945 | Temple   | Entered the Ecumenical Temple
  5266 | Temple   | Became a worshipper of Kikubaaqudgha
  5531 | D:4      | Reached skill level 1 in Armour
  5531 | D:4      | Gained mutation: You regenerate magic rapidly. [demonic
                  | ancestry]
  5531 | D:4      | Reached XP level 6. HP: 32/47 MP: 9/9
  5916 | D:5      | Entered Level 5 of the Dungeon
  6271 | D:3      | Learned a level 4 spell: Animate Dead
  6573 | D:5      | Noticed a water moccasin
  6587 | D:5      | Killed a water moccasin
  6588 | D:5      | Reached skill level 6 in Necromancy
  6834 | D:5      | Reached XP level 7. HP: 44/52 MP: 3/10
  7015 | D:5      | Reached skill level 7 in Necromancy
  7805 | D:5      | Reached skill level 8 in Necromancy
  8525 | D:6      | Identified the +6 long sword of the Median {flame, rC++
                  | Stlth+}
  8636 | D:6      | Noticed Eustachio
  8645 | D:6      | Killed Eustachio
  8646 | D:6      | Reached skill level 9 in Necromancy
  8646 | D:6      | Reached XP level 8. HP: 43/58 MP: 7/11
  8935 | D:6      | Reached skill level 10 in Necromancy
  9071 | D:6      | HP: 2/58 [water moccasin (3)]
  9072 | D:6      | Succumbed to a water moccasin's poison

Illustrated notes

Levels and vault maps discovered:
D:1:      minmay_arrival_jagged, layout_loops_cross,
          ebering_ecumenical_altar_mist, minmay_misc_feat_chi
D:2:      layout_loops_ring
D:3:      layout_rooms, minmay_ogre_servants
D:4:      layout_cave_pools, minmay_temple_entry_waves
D:5:      layout_basic, minmay_misc_feat_room, chequers_mini_garden
D:6:      layout_gridville, uniq_eustachio
Temple:   nicolae_temple_the_god_donut

Skill      XL: |  1  2  3  4  5  6  7  8 |
---------------+-------------------------+-----
Necromancy     | 5 6 9 10 | 10.0
Fighting       | 1 2 3 |  3.2
Short Blades   | 1 2 |  2.9
Armour         | 1 2 |  2.1
Dodging        | |  1.7
Stealth        | |  1.7
Spellcasting   | |  2.0

Action                   |  1- 3 |  4- 6 |  7- 9 || total
-------------------------+-------+-------+-------++-------
Melee: Unarmed           |    14 |       |       ||    14
       Rapier            |    10 |    44 |    89 ||   143
       Headbutt          |     2 |    11 |    15 ||    28
       Short sword       |     1 |       |       ||     1
       Long sword        |       |       |    17 ||    17
 Cast: Pain              |    87 |    77 |    12 ||   176
  Use: Scroll            |       |     2 |       ||     2
       Potion            |       |     4 |     2 ||     6
 Stab: Sleeping          |       |     1 |     3 ||     4
Armor: Robe              |     7 |       |    11 ||    18
       Leather armour    |    15 |     7 |       ||    22
       Chain mail        |       |    19 |       ||    19
Dodge: Dodged            |    55 |    43 |    55 ||   153
       Rpst.: Long sword |       |       |     4 ||     4

Table legend: (Time is in decaauts)
 A = Elapsed time spent in this place.
 B = Non-inter-level travel time spent in this place.
 C = Inter-level travel time spent in this place.
 D = Time resting spent in this place.
 E = Time spent auto-exploring this place.
 F = Levels seen in this place.
 G = Mean time per level.
                   A        B        C        D        E       F      G
               +--------+--------+--------+--------+--------+-----+--------+
         Total |   9099 |   8654 |    445 |      0 |   7556 |   7 | 1299.9 |
       Dungeon |   8765 |   8360 |    405 |      0 |   7263 |   6 | 1460.8 |
        Temple |    333 |    294 |     39 |      0 |    293 |   1 |  333.0 |
               +--------+--------+--------+--------+--------+-----+--------+

Top non-repeatable levels by time:
     D:5: 2110 daAuts
     D:2: 1769 daAuts
     D:3: 1651 daAuts
     D:1: 1619 daAuts
     D:4: 938 daAuts
     D:6: 677 daAuts
  Temple: 333 daAuts
